 Dungeon Crawl Stone Soup version 0.27-a0-780-geb8d7bc690 (webtiles) character file.

Game seed: 13418422278281871698

4 EnegeticOcto the Magician (level 1, 0/18 HPs)
             Began as a Djinni Warper on Mar 26, 2021.
             Slain by a ball python (3 damage)
             ... on level 1 of the Dungeon.
             The game lasted 00:01:02 (55 turns).

EnegeticOcto the Magician (Djinni Warper)             Turns: 55, Time: 00:01:03

Health: 0/18       AC:  3    Str: 10    XL:     1   Next: 60%
Gold:   0          EV:  8    Int: 14    God:
                   SH:  0    Dex: 12

rFire    + + .     SeeInvis .     - Unarmed
rCold    x . .     Faith    .   (no shield)
rNeg     . . .     Spirit   .   a - +0 leather armour
rPois    ∞         Reflect  .   (no helmet)
rElec    .         Harm     .   (no cloak)
rCorr    .         Rampage  .   (no gloves)
Will     .....                  (boots unavailable)
Stlth    +.........             (no amulet)
HPRegen  0.06/turn              (no ring)
MPRegen  0.00/turn              (no ring)

@: flying, constricted
A: fire resistance 2, cold vulnerability 1, float, innate caster, hp casting,
extra vitality 1
a: no special abilities


You were on level 1 of the Dungeon.
You visited 1 branch of the dungeon, and saw 1 of its levels.

Inventory:

Missiles
 d - 5 boomerangs of dispersal (quivered)
 e - 21 stones
Armour
 a - a +0 leather armour (worn)
Scrolls
 b - a scroll of fog {unknown}
 c - a scroll of blinking {@r4}


   Skills:
 - Level 2.0 Fighting
 - Level 0.7 Throwing
 - Level 1.0 Armour
 - Level 2.1 Dodging
 + Level 2.4 Unarmed Combat
 - Level 2.6 Spellcasting


You couldn't memorise any spells.
You knew the following spells:

 Your Spells              Type           Power      Damage    Failure   Level
a - Lesser Beckoning      Tloc           4%         N/A       30%         3
b - Gell's Gravitas       Tloc           4%         N/A       30%         3
c - Teleport Other        Tloc           9%         N/A       30%         3
d - Manifold Assault      Tloc           9%         N/A       95%         5
Y - Blink                 Tloc           N/A        N/A       16%         2
Your spell library was empty.

Dungeon Overview and Level Annotations

Branches:
Dungeon (1/15)

Altars:


Innate Abilities, Weirdness & Mutations

You are immune to poison.
Your flesh is very heat resistant. (rF++)
You are vulnerable to cold. (rC-)
You float through the air rather than walking.
You learn spells naturally, not from books.
Your magical power is your life essence.
You have superior vitality. (+4 HP)


Message History

Found a scroll labelled WERENI GAXAMN and a dagger.
Found a staircase leading out of the dungeon.
You begin with the following spells memorised: Blink, Lesser Beckoning, Gell's Gravitas, Teleport Other, Manifold Assault.
A rat comes into view.
Found an escape hatch in the floor.
You see here a scroll labelled WERENI GAXAMN.
b - a scroll labelled WERENI GAXAMN You barely miss the rat.
The rat barely misses you.
Your leather armour prevents you from hitting the rat.
The rat bites you but does no damage.
You hit the rat.
You kill the rat!
You see here a rat corpse.
Found an escape hatch in the floor.
Found a stone staircase leading down.
A ball python comes into view.
The ball python hisses angrily.
The ball python bites you but does no damage.
The ball python closely misses you.
You barely miss the ball python. The ball python bites you.
The ball python barely misses you.
You hit the ball python.
You kill the ball python!
Found an escape hatch in the floor.
Found a leather armour.
A rat comes into view.
A bat comes into view.
The rat closely misses you.
You hit the rat but do no damage. The bat barely misses you.
The rat bites you but does no damage.
You barely miss the rat. The bat hits you but does no damage.
The rat bites you but does no damage.
You closely miss the rat. The bat closely misses you.
The bat hits you but does no damage. The rat bites you.
You hit the rat.
You kill the rat!
The bat hits you but does no damage. The bat closely misses you.
You hit the bat but do no damage. The bat hits you. The bat closely misses you.
The bat hits you but does no damage. The bat barely misses you. x2
Found 21 stones.
You hit the bat.
You kill the bat!
No target in view!
No target in view!
No target in view!
No target in view!
No target in view!
No target in view!
No target in view!
No target in view!
No target in view!
No target in view!
No target in view!
Found an escape hatch in the floor.
You see here a +0 leather armour.
You see here 21 stones.
e - 21 stones A ball python comes into view.
The ball python hisses angrily.
An endoplasm comes into view.
The ball python bites you. The ball python grabs you.
The ball python constricts you.
The endoplasm moves out of view.
You escape the ball python's grasp.
A ball python and a kobold come into view.
The kobold shouts!
A goblin comes into view. It is wielding a +0 club.
A kobold comes into view. It is wielding a +0 whip.
You are too injured to fight recklessly!
You are too injured to fight recklessly!
The kobold shouts!
The goblin shouts!
You hear a shout!
The kobold throws a stone.
The stone hits you but does no damage. The ball python barely misses you. x2
The ball python bites you. The ball python closely misses you.
The ball python barely misses you. The ball python grabs you.
The ball python constricts you.
You escape the ball python's grasp.
The ball python bites you. The ball python grabs you.
The ball python constricts you.
You escape the ball python's grasp.
The ball python barely misses you. The ball python closely misses you.
The goblin hits you with a +0 club. The ball python closely misses you.
The ball python grabs you. The ball python constricts you.
The ball python closely misses you. The goblin barely misses you.
The ball python bites you. The ball python constricts you.
The ball python closely misses you.
The ball python bites you but does no damage.
The ball python constricts you. The goblin barely misses you.
The endoplasm hits you but does no damage.
The ball python bites you but does no damage.
The ball python bites you but does no damage.
The ball python constricts you. The goblin barely misses you.
The endoplasm freezes you.
You are frozen.
* * * LOW HITPOINT WARNING * * *
The ball python completely misses you. The ball python barely misses you.
* * * LOW HITPOINT WARNING * * *
The ball python constricts you. The goblin misses you.
The ball python bites you.
You die...

#......... ..# ..........
..# .........# ..#
.........+ ...#
.........#########..#
..............[...†.##
........K.#.#>#.#....####
.......SSJ#.###.#..#....#
.......g@....#.....#....#
.......K....###.........#
..........### ###..#.....
..........# ##...#.....
..........>## #.#..# ....
..........#.# ##>.># ....
...######.<## ##.## ###
.. #.### ###.#
#.†.###...#


You could see an endoplasm, a goblin, 2 ball pythons and 2 kobolds.

Vanquished Creatures
  A ball python (D:1)
  A bat (D:1)
  2 rats (D:1)
4 creatures vanquished.

Notes
Turn   | Place    | Note
-------+----------+-------------------------------------------
     0 | D:1      | EnegeticOcto the Djinni Warper began the quest for the Orb.
     0 | D:1      | Reached XP level 1. HP: 18/18 MP: 0/0
    55 | D:1      | Slain by a ball python

Illustrated notes

Levels and vault maps discovered:
D:1:      onia_arrival_handbag, layout_basic

Action                   || total
-------------------------++-------
Melee: Unarmed           ||    11
Armor: Leather armour    ||    13
Dodge: Dodged            ||    25

Table legend: (Time is in decaauts)
 A = Elapsed time spent in this place.
 B = Non-inter-level travel time spent in this place.
 C = Inter-level travel time spent in this place.
 D = Time resting spent in this place.
 E = Time spent auto-exploring this place.
 F = Levels seen in this place.
 G = Mean time per level.
                   A        B        C        D        E       F      G
               +--------+--------+--------+--------+--------+-----+--------+
         Total |     54 |     54 |      0 |      0 |      0 |   1 |   54.0 |
       Dungeon |     54 |     54 |      0 |      0 |      0 |   1 |   54.0 |
               +--------+--------+--------+--------+--------+-----+--------+

Top non-repeatable levels by time:
     D:1: 54 daAuts
